 Dungeon Crawl Stone Soup version 0.27.0-1-g7a089689b8 (webtiles) character file.

Game seed: 1774331790608276755

41 sasquatch the Ruffian (level 3, -1/20 HPs)
             Began as a Vine Stalker Fighter on Aug 4, 2021.
             Slain by a rat (2 damage)
             ... summoned by Eustachio
             ... on level 4 of the Dungeon.
             The game lasted 00:02:47 (1923 turns).

sasquatch the Ruffian (Vine Stalker Fighter)        Turns: 1923, Time: 00:02:48

Health: -1/20      AC:  7    Str: 19    XL:     3   Next: 52%
Magic:  0/4        EV:  7    Int:  8    God:
Gold:   44         SH:  9    Dex: 13    Spells: 2/2 levels left

rFire    . . .     SeeInvis .     - Unarmed
rCold    . . .     Faith    .   b - +0 kite shield
rNeg     . . .     Spirit   +   a - +0 scale mail
rPois    .         Reflect  .   (no helmet)
rElec    .         Harm     .   (no cloak)
rCorr    .         Rampage  .   (no gloves)
Will     .....                  e - +0 pair of boots
Stlth    ..........             (no amulet)
HPRegen  0.06/turn              (no ring)
MPRegen  0.09/turn              (no ring)

@: weak-willed
A: fangs 2, magic shield, antimagic bite, no potion heal 2
a: no special abilities


You were on level 4 of the Dungeon.
You visited 1 branch of the dungeon, and saw 4 of its levels.

You collected 44 gold pieces.

Inventory:

Hand Weapons
 j - a +2 short sword of electrocution
Missiles
 d - 3 curare-tipped darts (quivered)
Armour
 a - a +0 scale mail (worn)
 b - a +0 kite shield (worn)
 e - a +0 pair of boots (worn)
Potions
 c - a potion of might
 f - 2 potions of curing
 l - a potion of ambrosia {unknown}


   Skills:
 + Level 3.1 Fighting
 - Level 2.4 Armour
 - Level 2.6 Shields
 * Level 3.3 Unarmed Combat


You had 2 spell levels left.
You didn't know any spells.
Your spell library was empty.

Dungeon Overview and Level Annotations

Branches:
Dungeon (4/15)
 Temple: D:4-7

Altars:
Uskayaw

Shops:
D:1 ?[:

Annotations:
D:4 Eustachio


Innate Abilities, Weirdness & Mutations

You have extremely sharp teeth.
When hurt, damage is shared between your health and your magic reserves.
Your bite disrupts and absorbs the magic of your enemies.
Potions cannot restore your health.


Message History

The puff of frost hits you!
Eustachio mumbles some strange words.
Eustachio blinks!
Unknown command.
You are too injured to fight recklessly!
Unknown command.
You are too injured to fight recklessly!
You are too injured to fight recklessly!
Unknown command.
You are too injured to fight recklessly!
Unknown command.
You are too injured to fight recklessly!
The rat bites you but does no damage.
You are too injured to fight recklessly!
Unknown command.
You are too injured to fight recklessly!
Unknown command.
Eustachio barely misses you.
You are too injured to fight recklessly!
You are too injured to fight recklessly!
You closely miss Eustachio.
Eustachio is lightly wounded.
Eustachio hits you with a +0 rapier!
* * * LOW HITPOINT WARNING * * *
The rat barely misses you.
Unknown command.
You block Eustachio's attack.
You are too injured to fight recklessly!
Unknown command.
You are too injured to fight recklessly!
Unknown command.
You are too injured to fight recklessly!
Unknown command.
You are too injured to fight recklessly!
You are too injured to fight recklessly!
Unknown command.
You hit Eustachio but do no damage. You bite Eustachio, but do no damage.
Eustachio is lightly wounded.
The rat bites you.
You die...

.....
...#
..######
#......#
#.####.#
#....#.#
#..5##.#
#.<.r..#
#...@@##
#####.#
#...
#####


You could see Eustachio, a white imp (summoned) and a rat (summoned).

Vanquished Creatures
  3 ball pythons
  An endoplasm (D:2)
  A giant cockroach (D:1)
  A hobgoblin (D:1)
  6 jackals
  5 kobolds
  2 quokkas (D:3)
  3 bats
  2 frilled lizards
  7 goblins
  5 rats
36 creatures vanquished.

Notes
Turn   | Place    | Note
-------+----------+-------------------------------------------
     0 | D:1      | sasquatch the Vine Stalker Fighter began the quest for the
                  | Orb.
     0 | D:1      | Reached XP level 1. HP: 11/11 MP: 2/2
    55 | D:1      | Reached XP level 2. HP: 15/16 MP: 3/3
   227 | D:1      | Found Afoa's Magic Scroll Shop.
   290 | D:1      | Found Oploxtoj's Armour Shoppe.
   511 | D:1      | Found Teowewua's Book Boutique.
   802 | D:1      | Reached XP level 3. HP: 18/20 MP: 4/4
  1828 | D:3      | Found a faded altar of an unknown god.
  1875 | D:3      | Found a hide-covered altar of Uskayaw.
  1909 | D:4      | Noticed Eustachio
  1921 | D:4      | HP: 1/20 [Eustachio (7)]
  1923 | D:4      | Slain by a rat

Illustrated notes

Levels and vault maps discovered:
D:1:      lemuel_arrival_river_ford, layout_basic, serial_shops, shop,
          nicolae_shop_behind_doors, nicolae_shop_behind_doors, shop,
          nicolae_square_shop, grunt_decor_one_mirror,
          chequers_serial_rivers_room_b
D:2:      layout_loops_ring, minmay_misc_feat_columns
D:3:      layout_basic, mainiacjoe_overflow_brackets,
          nicolae_uskayaw_dance_hall, hellmonk_ecumenical_altar_dog_temple
D:4:      layout_basic, nicolae_yredelemnul_ghost_church,
          mainiacjoe_overflow_cross_hatched, nicolae_ossuary_entry_plus,
          st_stairs_4, uniq_eustachio, uniq_crazy_yiuf_cottage,
          uniq_blork_the_orc

Skill      XL: |  1  2 |
---------------+-------+-----
Fighting       | 3 |  3.1
Unarmed Combat | 3 |  3.3
Armour         | |  2.4
Shields        | |  2.6

Action                   || total
-------------------------++-------
Melee: Unarmed           ||    93
       Bite              ||    23
  Use: Scroll            ||     4
Armor: Scale mail        ||    40
Dodge: Dodged            ||    24
Block: Kite shield       ||    56
